 Dungeon Crawl Stone Soup version 0.27-a0-597-g524d869a0f (webtiles) character file.

Game seed: 15207150899719363141

11936 kae the Grappler (level 11, -7/99 HPs)
             Began as a Naga Transmuter on Mar 11, 2021.
             Was a Believer of Cheibriados.
             Mangled by an orc warrior
             ... wielding a +0 glaive
              (18 damage)
             ... on level 9 of the Dungeon.
             The game lasted 00:11:55 (14163 turns).

kae the Grappler (Naga Transmuter)                 Turns: 14163, Time: 00:11:55

Health: -7/99      AC: 17    Str: 19 (20) XL:     11   Next: 85%
Magic:  15/20      EV: 10    Int: 17 (18) God:    Cheibriados [**....]
Gold:   906        SH:  0    Dex: 16 (18) Spells: 9/22 levels left

rFire    . . .     SeeInvis +     - Unarmed
rCold    . . .     Faith    .   (shield currently unavailable)
rNeg     . . .     Spirit   .   H - +1 acid dragon scales
rPois    +         Reflect  .   K - +2 helmet
rElec    .         Harm     .   (no cloak)
rCorr    +         Rampage  .   (gloves currently unavailable)
Will     +....                  g - +1 barding
Stlth    +.........             f - amulet of magic regeneration
HPRegen  0.26/turn              h - ring of poison resistance
MPRegen  0.42/turn              (no ring)

@: blade hands, very slow
A: large, see invisible, deformed body, poison resistance, slowness 2, spit
poison 1, naga tail 1, AC +3
a: Spit Poison, End Transformation, Renounce Religion, Bend Time


You were on level 9 of the Dungeon.
You worshipped Cheibriados.
Cheibriados was pleased with you.
You had blades for hands.
You visited 2 branches of the dungeon, and saw 10 of its levels.
You visited the Abyss 1 time.
You also visited: Sewer and Ossuary.

You collected 906 gold pieces.

Inventory:

Armour
 g - a +1 barding (worn)
 l - a +2 pair of gloves (melded)
 H - +1 acid dragon scales (worn)
 K - a +2 helmet (worn)
Jewellery
 a - an amulet of faith
 f - an amulet of magic regeneration (around neck)
 h - a ring of poison resistance (right blade hand)
 n - the amulet "Osyan" {Regen+ Dex+4}
   (You found it on level 9 of the Dungeon)

   [amulet of regeneration]

   It affects your dexterity (+4).
   It increases your rate of regeneration.
 p - a ring of protection from fire
 q - a +6 ring of strength
 v - a ring of protection from fire
 F - a +6 ring of intelligence
 I - a ring of wizardry
 J - a +6 ring of strength
Wands
 r - a wand of paralysis (10)
 s - a wand of polymorph (3)
 u - a wand of flame (43)
Scrolls
 m - 2 scrolls of teleportation
 o - 5 scrolls of enchant armour
 t - a scroll of amnesia
 x - 3 scrolls of identify
 y - a scroll of fog
 B - a scroll of acquirement {unknown}
 D - 4 scrolls of enchant weapon
 L - a scroll of noise {unknown}
Potions
 b - 2 potions of haste
 c - 3 potions of flight
 d - 6 potions of curing
 e - 4 potions of might
 i - 4 potions of attraction
 j - 5 potions of lignification
 k - a potion of brilliance {unknown}
 w - a potion of cancellation {unknown}
 z - a potion of mutation {unknown}
 A - 3 potions of degeneration
 C - 2 potions of magic
 G - 2 potions of berserk rage


   Skills:
 + Level 6.4 Fighting
 * Level 3.4 Armour
 + Level 5.8 Dodging
 * Level 9.6 Unarmed Combat
 + Level 6.2 Spellcasting
 * Level 9.2 Transmutations
 - Level 4.0 Ice Magic
 - Level 3.0 Poison Magic
 * Level 3.7 Invocations


You had 9 spell levels left.
You knew the following spells:

 Your Spells              Type           Power      Damage    Failure   Level
a - Beastly Appendage     Tmut           72%        N/A       11%         1
b - Spider Form           Tmut/Pois      13%        N/A       28%         3
c - Ice Form              Ice/Tmut       27%        N/A       47%         4
d - Blade Hands           Tmut           18%        N/A       45%         5

Your spell library contained the following spells:

 Spells                   Type           Power      Damage    Failure   Level
 Wereblood                Tmut           36%        N/A       12%         2
 Animate Skeleton         Necr           10%        N/A       56%         1
 Apportation              Tloc           10%        N/A       56%         1
 Corona                   Hex            5%         N/A       56%         1
 Summon Small Mammal      Summ           20%        N/A       56%         1


Dungeon Overview and Level Annotations

Branches:
Dungeon (9/15)             Temple (1/1) D:6             Orc (0/2) D:9
  Sewer (visited)         Ossuary (visited)
   Lair: D:8-11

Altars:
Ashenzari
Cheibriados
Dithmenos
Elyvilon
Fedhas
Gozag
Hepliaklqana
Kikubaaqudgha
Makhleb
Nemelex Xobeh
Okawaru
Qazlal
Ru
Sif Muna
Trog
Uskayaw
Vehumet
Wu Jian
Xom
Yredelemnul
Zin
The Shining One

Shops:
D:9 (

Portals:
Abyss: D:4

Annotations:
D:4 2 transporters, bmj180's ghost, amateur HOFi
D:9 exclusion: orange crystal statue, Erolcha


Innate Abilities, Weirdness & Mutations

Your serpentine skin is tough. (AC +3)
You have supernaturally acute eyesight. (SInv)
Armour fits poorly on your strangely shaped body.
Your system is resistant to poisons. (rPois)
You cover ground very slowly.
You can spit poison.
You have a snake-like lower body.


Message History

You barely miss the orc priest.
The orc priest hits you but does no damage.
You shred the orc priest!!!
You kill the orc priest!
Cheibriados appreciates the change of pace.
You slice the orc!!
You kill the orc!
Cheibriados appreciates the change of pace.
You hit the orc.
The orc is lightly wounded.
The orc misses you.
You slice the orc!!
You kill the orc!
Cheibriados appreciates the change of pace.
The orc warrior closely misses you.
The orc warrior hits you with a +0 glaive.
Items here: $ ))) †.
You slice the orc warrior!!
The orc warrior is severely wounded.
Your hands revert to their normal proportions.
Your +2 pair of gloves unmelds from your body.
The orc warrior hits you with a +0 glaive!
You hit the orc warrior but do no damage.
The orc warrior is severely wounded.
The orc warrior hits you with a +0 glaive!
* * * LOW HITPOINT WARNING * * *
You barely miss the orc warrior.
The orc warrior is severely wounded.
You hit the orc warrior but do no damage.
The orc warrior is severely wounded.
The orc warrior hits you with a +0 glaive!
* * * LOW HITPOINT WARNING * * *
Okay, then.
Casting: Blade Hands (dangerous; 10% risk of failure)
Confirm with . or Enter, or press ? or * to list all spells.
Your hands turn into razor-sharp scythe blades.
Your +2 pair of gloves melds into your body.
The orc warrior closely misses you.
The orc warrior hits you with a +0 glaive!!
You die...

###################
#..........@oo.....
#.############.....
#.# ### #.# #.# #.#
#.# #.#########
#..........


You could see an orc warrior and an orc.

Vanquished Creatures
  A tentacled starspawn (Abyss:1)
  3 two-headed ogres
  A shock serpent (shapeshifter) (Abyss:1)
  4 starcursed masses (Abyss:1)
  Pikel (D:7)
  A worldbinder (Abyss:1)
  Maggie (D:7)
  Psyche (D:8)
  Grinder (D:3)
  Prince Ribbit (D:5)
  Sigmund (D:5)
  A small abomination (Abyss:1)
  A neqoxec (Abyss:1)
  2 large abominations (Abyss:1)
  A water moccasin (D:7)
  5 orc warriors
  A black bear (D:8)
  A necrophage (D:8)
  3 ogres
  3 sky beasts
  2 centaurs
  A phantom (D:9)
  2 lemures (D:7)
  4 kobold brigands
  4 bullfrogs
  A wyvern skeleton (D:6)
  3 scorpions
  A water moccasin skeleton (D:6)
  8 howler monkeys
  A centaur zombie (D:7)
  4 bullfrog zombies (D:7)
  4 hounds
  3 jellies
  2 centaur skeletons
  6 orc priests
  2 gnoll shamans
  2 bullfrog skeletons
  5 iguanas
  Natasha (twice) (D:3)
  10 orc wizards
  5 worker ants
  A killer bee zombie (D:8)
  12 mummies (Ossuary)
  3 hound skeletons
  Robin (D:2)
  5 gnolls (D:6)
  A howler monkey skeleton (D:4)
  11 adders
  A shadow imp (D:7)
  3 white imps
  2 ufetubi (D:8)
  An ooze (D:3)
  2 adder skeletons
  4 worms
  4 dart slugs
  7 leopard geckos
  58 orcs
  2 bats
  7 giant cockroaches
  14 goblins
  15 hobgoblins
  19 jackals
  22 kobolds
  3 ball pythons
  A ball python skeleton (D:4)
  3 frilled lizards
  A gnoll skeleton (Ossuary)
  4 goblin skeletons (Ossuary)
  A jackal zombie (D:7)
  2 kobold skeletons (Ossuary)
  2 leopard gecko zombies (D:7)
  An orc skeleton (Ossuary)
  A quokka skeleton (D:7)
  A quokka zombie (D:7)
  11 rats
  11 rat skeletons (Ossuary)
  A spectral hobgoblin (D:4)
  A starspawn tentacle (Abyss:1)
345 creatures vanquished.

Vanquished Creatures (others)
  An eye of draining (Abyss:1)
  An ogre (D:8)
  A small abomination (Abyss:1)
  10 plants (D:5)
  A starspawn tentacle (Abyss:1)
14 creatures vanquished.

Grand Total: 359 creatures vanquished

Notes
Turn   | Place    | Note
-------+----------+-------------------------------------------
     0 | D:1      | kae the Naga Transmuter began the quest for the Orb.
     0 | D:1      | Reached XP level 1. HP: 18/18 MP: 3/3
   615 | D:1      | Reached XP level 2. HP: 25/25 MP: 3/5
  1150 | D:2      | Noticed a howler monkey
  1165 | D:2      | Killed a howler monkey
  1166 | D:2      | Reached XP level 3. HP: 10/31 MP: 6/6
  1166 | D:2      | Reached XP level 4. HP: 12/38 MP: 7/7
  1177 | D:2      | Learned a level 3 spell: Spider Form
  1258 | D:2      | Noticed Robin
  1287 | D:2      | Killed Robin
  1550 | D:2      | Learned a level 4 spell: Ice Form
  1855 | D:2      | Reached XP level 5. HP: 45/45 MP: 7/9
  1864 | D:2      | Found a blossoming altar of Fedhas.
  2232 | D:2      | Found a shimmering altar of Xom.
  2513 | D:3      | Found a glowing drain.
  2517 | Sewer    | Entered a sewer
  2586 | Sewer    | Noticed a kobold brigand
  2603 | Sewer    | Killed a kobold brigand
  2604 | Sewer    | Reached skill level 1 in Ice Magic
  2604 | Sewer    | Reached skill level 1 in Poison Magic
  2604 | Sewer    | Reached XP level 6. HP: 32/52 MP: 10/10
  2752 | Sewer    | Found a glowing silver altar of Zin.
  2856 | D:3      | Noticed Grinder
  2875 | D:3      | Killed Grinder
  2876 | D:3      | Reached XP level 7. HP: 11/61 MP: 5/11
  3488 | D:3      | Noticed Natasha
  3504 | D:3      | Killed Natasha
  3732 | D:3      | Noticed Natasha
  3741 | D:3      | Killed Natasha
  4166 | D:4      | Found a hazy altar of Hepliaklqana.
  4293 | D:4      | Found a transporter.
  4310 | D:4      | Found a transporter.
  4316 | D:4      | Found a one-way gate to the infinite horrors of the Abyss.
  4316 | D:4      | Noticed bmj180's ghost (amateur HOFi)
  4456 | D:4      | Reached skill level 5 in Unarmed Combat
  4849 | D:4      | Found a glowing silver altar of Zin.
  4849 | D:4      | Noticed an angel
  5091 | D:5      | Entered Level 5 of the Dungeon
  5143 | D:5      | Reached XP level 8. HP: 63/69 MP: 11/13
  5307 | D:5      | Found a bloodstained altar of Trog.
  5412 | D:5      | Noticed Prince Ribbit
  5423 | D:5      | Killed Prince Ribbit
  5424 | D:5      | Reached skill level 5 in Transmutations
  5521 | D:5      | You fall into a shaft and drop 3 floors!
  5555 | D:8      | Noticed a two-headed ogre
  5567 | D:8      | Killed a two-headed ogre
  5568 | D:8      | Reached XP level 9. HP: 33/78 MP: 13/15
  5790 | D:8      | Found a sand-covered staircase.
  5796 | Ossuary  | Entered an ossuary
  7149 | D:8      | Found a burning altar of Makhleb.
  7394 | D:8      | Noticed Psyche
  7413 | D:8      | Noticed a two-headed ogre
  7765 | D:8      | Killed a two-headed ogre
  7766 | D:8      | Reached XP level 10. HP: 83/87 MP: 14/17
  7846 | D:8      | Learned a level 5 spell: Blade Hands
  7880 | D:8      | Killed Psyche
  7881 | D:8      | Reached skill level 5 in Spellcasting
  8145 | D:8      | Reached skill level 5 in Fighting
  8807 | D:7      | Found a basalt altar of Yredelemnul.
  8872 | D:7      | Noticed Pikel
  8880 | D:7      | Killed Pikel
  8881 | D:7      | Reached skill level 5 in Dodging
  9615 | D:7      | Found an ancient bone altar of Kikubaaqudgha.
  9892 | D:7      | Noticed Maggie
 10265 | D:7      | Killed Maggie
 10319 | D:6      | Found a sacrificial altar of Ru.
 10426 | D:6      | Identified the +5 plate armour "Bamionu" {rF+ rC+ Stlth+}
 10843 | D:6      | Found a staircase to the Ecumenical Temple.
 10976 | D:6      | Reached skill level 1 in Armour
 11784 | D:5      | Noticed Sigmund
 11793 | D:5      | Killed Sigmund
 11794 | D:5      | Reached XP level 11. HP: 95/97 MP: 19/19
 12283 | Temple   | Entered the Ecumenical Temple
 12472 | Temple   | Became a worshipper of Cheibriados the Contemplative
 12679 | D:9      | Reached * piety under Cheibriados
 12696 | D:9      | Found a staircase to the Orcish Mines.
 12708 | D:9      | Reached skill level 1 in Invocations
 12947 | D:9      | Noticed Erolcha
 12948 | D:9      | Noticed an orange crystal statue
 12951 | D:9      | Cast into level 1 of the Abyss (Erolcha)
 13008 | Abyss:1  | Noticed a salamander
 13012 | Abyss:1  | Noticed a shock serpent
 13016 | Abyss:1  | Noticed a worldbinder
 13017 | Abyss:1  | Killed a shock serpent
 13024 | Abyss:1  | Killed a worldbinder
 13024 | Abyss:1  | Reached ** piety under Cheibriados
 13104 | Abyss:1  | Noticed a tentacled starspawn
 13111 | Abyss:1  | Killed a tentacled starspawn
 13265 | Abyss:1  | Noticed a starcursed mass
 13276 | Abyss:1  | Killed a starcursed mass
 13284 | Abyss:1  | Killed a starcursed mass
 13505 | D:9      | Escaped the Abyss
 13916 | D:9      | Found Iwkuk Atona's Weapon Boutique.
 13971 | D:9      | Identified the amulet "Osyan" {Regen+ Dex+4}
 13994 | D:9      | Noticed a two-headed ogre
 13998 | D:9      | Killed a two-headed ogre
 14163 | D:9      | Mangled by an orc warrior

Illustrated notes

Levels and vault maps discovered:
D:1:      elethiomel_arrival_infinity_welcomes_careful_drivers,
          layout_loops_ring, serial_bayou_pond_c, minivault_5
D:2:      layout_loops_ring, xom_butterflies, fedhas_altar_3,
          kennysheep_generic_room_12, uniq_robin
D:3:      layout_basic, gup_sewer_entry_bowl, uniq_natasha, uniq_grinder
D:4:      layout_gridville, nicolae_hepliaklqana_monster_ancestors, zin_angel,
          gammafunk_ghost_abyssal_escape, minivault_24
D:5:      layout_rooms, basic_altar, serial_bayou, serial_bayou_shore_b,
          serial_bayou_shore_b, serial_bayou_pond_d, serial_bayou_ford_a,
          uniq_sigmund, uniq_prince_ribbit1
D:6:      layout_cave_pods, old_standard_altar, minmay_temple_entry_purple_smoke
D:7:      layout_basic, marbit_many_paths, nicolae_yredelemnul_corpse_copse,
          uniq_maggie, uniq_pikel
D:8:      minmay_polygon_palace, layout_basic, lemuel_coloured_pillars_altar,
          nicolae_ossuary_entry_plus, enter_bailey_5, uniq_psyche
D:9:      minmay_separated_statues, layout_long_grid, hiddenorc2_lemuel,
          serial_shops, nicolae_shop_competitors_out_of_business, st_stairs_14,
          uniq_erolcha
Temple:   eino_narrow_crystal_temple

Skill      XL: |  1  2  3  4  5  6  7  8  9 10 11 |
---------------+----------------------------------+-----
Dodging        | 2 4 5 |  5.8
Transmutations | 3 4 5 7 8 9 |  9.2
Fighting       | 2 3 4 5 6 |  6.4
Unarmed Combat | 4 5 6 7 8 9 |  9.6
Ice Magic      | 1 2 3 4 |  4.0
Poison Magic   | 1 2 3 |  3.0
Spellcasting   | 3 4 5 6 |  6.2
Armour         | 1 3 |  3.4
Invocations    | 3 |  3.7

Action                   |  1- 3 |  4- 6 |  7- 9 | 10-12 || total
-------------------------+-------+-------+-------+-------++-------
Melee: Unarmed           |    51 |   141 |   326 |   433 ||   951
       Headbutt          |     1 |     3 |       |       ||     4
       Punch             |       |     2 |     3 |    12 ||    17
 Cast: Beastly Appendage |     6 |     4 |       |       ||    10
       Spider Form       |       |     4 |    21 |       ||    25
       Ice Form          |       |       |    15 |    12 ||    27
       Blade Hands       |       |       |       |    30 ||    30
 Abil: Spit Poison       |    14 |    45 |     9 |     2 ||    70
       End Transformatio |       |       |     1 |       ||     1
  Use: Scroll            |       |     5 |     5 |     7 ||    17
       Potion            |       |     1 |       |     5 ||     6
Armor: Robe              |    25 |    78 |    38 |    27 ||   168
       Skin              |       |       |    21 |    37 ||    58
       Acid dragon scale |       |       |       |   119 ||   119
Dodge: Dodged            |    29 |   102 |   179 |   219 ||   529

Table legend: (Time is in decaauts)
 A = Elapsed time spent in this place.
 B = Non-inter-level travel time spent in this place.
 C = Inter-level travel time spent in this place.
 D = Time resting spent in this place.
 E = Time spent auto-exploring this place.
 F = Levels seen in this place.
 G = Mean time per level.
                   A        B        C        D        E       F      G
               +--------+--------+--------+--------+--------+-----+--------+
         Total |  16965 |  16166 |    799 |   1135 |  12755 |  13 | 1305.0 |
       Dungeon |  14882 |  14126 |    756 |    730 |  11514 |   9 | 1653.6 |
        Temple |    290 |    247 |     43 |      0 |    245 |   1 |  290.0 |
         Abyss |    580 |    580 |      0 |    405 |     64 |   1 |  580.0 |
         Sewer |    362 |    362 |      0 |      0 |    289 |   1 |  362.0 |
       Ossuary |    849 |    849 |      0 |      0 |    642 |   1 |  849.0 |
               +--------+--------+--------+--------+--------+-----+--------+

Top non-repeatable levels by time:
     D:8: 2449 daAuts
     D:7: 2090 daAuts
     D:6: 1837 daAuts
     D:2: 1628 daAuts
     D:3: 1567 daAuts
     D:9: 1491 daAuts
     D:1: 1427 daAuts
     D:4: 1296 daAuts
     D:5: 1095 daAuts
 Ossuary: 849 daAuts
 Abyss:1: 580 daAuts
   Sewer: 362 daAuts
  Temple: 290 daAuts
